 Dungeon Crawl Stone Soup version 0.19-a0-1254-gb9c29c0 (webtiles) character file.

37 truemonolith the Ruffian (level 3, 36/36 HPs)
             Began as a Troll Monk on Aug 27, 2016.
             Quit the game on level 2 of the Dungeon.
             The game lasted 00:02:06 (695 turns).

truemonolith the Ruffian (Troll Monk)                Turns: 695, Time: 00:02:06

Health: 36/36      AC:  5    Str: 19    XL:     3   Next: 23%
Magic:  2/2        EV: 10    Int:  6    God:
Gold:   29         SH:  0    Dex: 13    Spells: 0 memorised, 2 levels left

rFire  . . .     SeeInvis .       - Unarmed
rCold  . . .     Gourm    +     a - +0 robe
rNeg   . . .     Faith    .     (no shield)
rPois  .         Spirit   .     (helmet restricted)
rElec  .         Dismiss  .     (no cloak)
rCorr  .         Reflect  .     (gloves unavailable)
MR     .....     Harm     .     (boots unavailable)
Stlth  +.........               (no amulet)
                                (no ring)
                                (no ring)

@: very slightly contaminated, hasted, drained, very quick
A: unfitting armour, claws 3, fast metabolism 3, gourmand, regeneration 1,
shaggy fur 1, tough skin 2
a: no special abilities


You were on level 2 of the Dungeon.
You were not hungry.

You visited 1 branch of the dungeon, and saw 2 of its levels.

You collected 29 gold pieces.

Inventory:

Armour
 a - a +0 robe (worn)
Jewellery
 c - an uncursed ring of ice {unknown}
 g - a cursed ring of teleportation {unknown}
Scrolls
 h - a scroll of identify {unknown}
Potions
 d - 2 potions of might {unknown}
 i - 2 potions of agility {unknown}
 j - a potion of berserk rage {unknown}
Comestibles
 b - 2 bread rations
 f - a slice of pizza
 k - a meat ration
 l - 2 beef jerkies


   Skills:
 - Level 2.4(2.0) Fighting
 - Level 2.4(2.0) Dodging
 - Level 1.1(0.8) Stealth
 + Level 4.3(4.0) Unarmed Combat


You had 2 spell levels left.
You didn't know any spells.

Dungeon Overview and Level Annotations

Branches:
Dungeon (2/15)

Altars:


Innate Abilities, Weirdness & Mutations

You are too large for most types of armour.
You have claws for hands.
Your metabolism is lightning-fast.
You like to eat raw meat.
Your natural rate of healing is unusually fast.
You are covered in fur. (AC +1)
You have very tough skin. (AC +2)


Message History

You barely miss the rat. The rat bites you.
You scratch the rat but do no damage. The rat closely misses you.
You claw the rat!
You kill the rat!
You have reached level 3!
Your experience leads to an increase in your attributes!
Increase (S)trength, (I)ntelligence, or (D)exterity?
You feel agile.
You feel stronger.
You closely miss the adder. The adder closely misses you.
The adder completely misses you.
You scratch the adder but do no damage. The adder bites you but does no damage.
You miss the adder. The adder closely misses you.
You claw the adder!
You kill the adder!
No target in view!
No target in view!
It was a potion of haste.
You feel yourself speed up.
You are very lightly contaminated with residual magic.
Okay, then.
Are you sure you want to abandon this character and quit the game? (Confirm with "yes".)

.............# #.......##
....###......# #######...
.... ######.####.........
...########..............
.........'..............
...#....##..............
...#....#######.........
#.......# #.........
#....@..# #######...
#....†..# ... ..........#
... ..........# ..
.<......... ....####....
.... ...## ### ...#


There were no monsters in sight!

Vanquished Creatures
  An adder (D:2)
  2 ball pythons
  2 bats (D:1)
  3 giant cockroaches
  6 goblins
  4 hobgoblins (D:1)
  3 kobolds
  5 rats
26 creatures vanquished.

Notes
Turn   | Place    | Note
-------+----------+-------------------------------------------
     0 | D:1      | truemonolith the Troll Monk began the quest for the Orb.
     0 | D:1      | Reached XP level 1. HP: 22/22 MP: 0/0
    90 | D:1      | Reached XP level 2. HP: 29/29 MP: 1/1
   538 | D:2      | Reached skill level 4 in Unarmed Combat
   689 | D:2      | Reached XP level 3. HP: 36/36 MP: 2/2
   695 | D:2      | Quit the game

Vault maps used:
D:1:      minmay_arrival_four_circles, corexii_corridor_pit
D:2:      grunt_gozag_breadcrumbs, first_bread, trog_hazing_becter

Skill      XL: |  1  2 |
---------------+-------+-----
Unarmed Combat | 4 |  4.3
Fighting       | |  2.4
Dodging        | |  2.4
Stealth        | |  1.1

Action                   || total
-------------------------++-------
Melee: Unarmed           ||    61
  Use: Potion            ||     1
 Stab: Sleeping          ||     1
  Eat: Bread ration      ||     1
Armor: Robe              ||    24
Dodge: Dodged            ||    38
